 Dungeon Crawl Stone Soup version 0.17-a0-2220-g6fea741 (webtiles) character file.

47 radek the Conjurer (level 3, -1/19 HPs)
             Began as a Deep Elf Conjurer on Oct 28, 2015.
             Slain by a worker ant (5 damage)
             ... on level 4 of the Dungeon.
             The game lasted 00:03:42 (1304 turns).

radek the Conjurer (Deep Elf Conjurer)              Turns: 1304, Time: 00:03:42

Health: -1/19      AC:  2    Str:  6    XL:     3   Next: 48%
Magic:  0/9        EV: 13    Int: 19    God:
Gold:   52         SH:  0    Dex: 15    Spells: 1 memorised, 7 levels left

rFire  . . .     SeeInvis .     f - +0 dagger
rCold  . . .     Clarity  .     a - +0 robe
rNeg   . . .     SustAt   .     (no shield)
rPois  .         Gourm    .     (no helmet)
rElec  .         Spirit   .     (no cloak)
rCorr  .         Warding  .     (no gloves)
rMut   .         Stasis   .     (no boots)
MR     .....                    (no amulet)
Stlth  ++........               (no ring)
                                (no ring)

@: lethally poisoned (-1 -> -8), not resistant to hostile enchantments,
unstealthy
A: no striking features
a: no special abilities


You were on level 4 of the Dungeon.
You were not hungry.

You visited 1 branch of the dungeon, and saw 3 of its levels.

You collected 52 gold pieces.

Inventory:

Hand Weapons
 f - a +0 dagger (weapon)
Armour
 a - a +0 robe (worn)
Jewellery
 e - an uncursed ring of wizardry {unknown}
Scrolls
 i - a scroll of teleportation {unknown}
 l - 3 scrolls of identify {unknown}
 n - a scroll of enchant armour {unknown}
Potions
 g - a potion of haste {unknown}
 j - a potion of agility {unknown}
 k - a potion of flight {unknown}
 o - a potion of curing {unknown}
Books
 b - a book of Conjurations

   Spells                             Type                      Level
   a - Magic Dart                     Conjuration                  1
   b - Searing Ray                    Conjuration                  2
   c - Dazzling Spray                 Conjuration/Hexes            3
   d - Fulminant Prism                Conjuration/Hexes            4
   e - Iskenderun's Mystic Blast      Conjuration                  4
   f - Iskenderun's Battlesphere      Conjuration/Charms           5
Comestibles
 c - 3 bread rations
 d - a slice of pizza
 h - a royal jelly
 m - a beef jerky
 p - a chunk of flesh


   Skills:
 - Level 2.4 Dodging
 - Level 2.4 Stealth
 - Level 3.0 Spellcasting
 + Level 5.8 Conjurations


You had 7 spell levels left.
You knew the following spells:

 Your Spells              Type           Power        Failure   Level  Hunger
a - Magic Dart            Conj           ####         1%          1    None


Dungeon Overview and Level Annotations

Branches:
Dungeon (4/15)
 Temple: D:4-7

Altars:
Fedhas
The Shining One

Annotations:
D:2 Crazy Yiuf


Message History

The worker ant bites you.
Casting: Magic Dart
Confirm with . or Enter, or press ? or * to list all spells.
Aiming: Magic Dart
Press: ? - help, Shift-Dir - straight line, f/p - worker ant
Aim: a worker ant (moderately wounded)
The magic dart hits the worker ant.
The worker ant is severely wounded.
The worker ant completely misses you.
You hit the worker ant.
The worker ant is severely wounded.
The worker ant bites you.
* * * LOW HITPOINT WARNING * * *
You are lethally poisoned!
The worker ant poisons you! The worker ant closely misses you.
You hit the worker ant.
The worker ant is almost dead.
* * * LOW HITPOINT WARNING * * *
You feel sick. The worker ant bites you.
You die...

### ..# # #.#
.# #.####.##
######.#....)#
..........:..#
#..@....#
#.#.a...# #####
#.#.....#
#...###.###.$##
#.......# ....
#...##### #.###
##.## .# #.# .#
#.# ###


You could see a worker ant.

Vanquished Creatures
  An adder (D:1)
  A gnoll (D:1)
  3 giant geckos
  3 bats (D:1)
  5 goblins (D:1)
  4 hobgoblins
  2 jackals
  A giant gecko skeleton (D:4)
  6 rats
26 creatures vanquished.

Notes
Turn   | Place    | Note
--------------------------------------------------------------
     0 | D:1      | radek the Deep Elf Conjurer began the quest for the Orb.
     0 | D:1      | Reached XP level 1. HP: 10/10 MP: 6/6
   208 | D:1      | Reached XP level 2. HP: 15/15 MP: 6/8
   269 | D:1      | Reached skill level 5 in Conjurations
   808 | D:1      | Reached XP level 3. HP: 10/19 MP: 2/9
  1043 | D:2      | Noticed Crazy Yiuf
  1173 | D:2      | Found a glowing golden altar of the Shining One.
  1212 | D:2      | You fall through a shaft for 2 floors!
  1218 | D:4      | Found a blossoming altar of Fedhas.
  1304 | D:4      | Slain by a worker ant

Vault maps used:
D:1:      grunt_arrival_lava_bath, serial_glass, glass_columns_c,
          glass_columns_a, minmay_gold_behind_fungi, serial_bayou_pond_b,
          serial_park_tiny_pond, roderic_lattice_a, minmay_misc_feat_enclosed,
          dk_noncrumbling_3
D:2:      nicolae_tso_swordbearing_angel, uniq_crazy_yiuf_cottage
D:4:      nicolae_overflow_crystal_walls, serial_shops, shop,
          mrwooster_statue_mirror, uniq_pikel

Action                   || total
-------------------------++-------
Melee: Dagger            ||     2
 Cast: Magic Dart        ||    62
  Eat: Chunk             ||     1
